 Dungeon Crawl Stone Soup version 0.27.1-33-g824d729ab1 (webtiles) character file.

Game seed: 17030805154260355022

33995 lordive the Geomancer (level 13, -1/76 HPs)
             Began as a Gargoyle Earth Elementalist on Dec 24, 2021.
             Was a High Priest of Vehumet.
             Killed from afar by a rime drake (21 damage)
             ... with a flash freeze
             ... on level 6 of the Lair of Beasts.
             The game lasted 01:16:15 (19498 turns).

lordive the Geomancer (GrEE)                       Turns: 19498, Time: 01:16:16

Health: -1/76      AC: 23    Str: 14    XL:     13   Next: 74%
Magic:  25/28      EV: 16    Int: 19    God:    Vehumet [*****.]
Gold:   912        SH:  5    Dex: 10    Spells: 23/34 levels left

rFire    . . .     SeeInvis .   f - +8 demon whip (freeze)
rCold    . . .     Faith    .   (no shield)
rNeg     + . .     Spirit   .   K - +0 acid dragon scales
rPois    ∞         Reflect  +   I - +0 helmet
rElec    +         Harm     .   (no cloak)
rCorr    +         Rampage  .   N - +2 pair of gloves
Will     +....                  e - +0 pair of boots
Stlth    ++........             O - amulet of reflection
HPRegen  0.22/turn              s - +4 ring of evasion
MPRegen  0.21/turn              d - ring of willpower

@: slowed, studying Slings, very slow
A: sickness immunity, AC +9, negative energy resistance 1, electricity
resistance, torment resistance 1, petrification resistance
a: Renounce Religion


You were on level 6 of the Lair of Beasts.
You worshipped Vehumet.
Vehumet was extremely pleased with you.
You visited 3 branches of the dungeon, and saw 19 of its levels.

You collected 964 gold pieces.
You spent 52 gold pieces at shops.

Inventory:

Hand Weapons
 f - a +8 demon whip of freezing (weapon)
 k - the +8 whip "Snakebite" {venom, curare, rPois}
   (You found it on level 4 of the Lair of Beasts)

   It poisons the flesh of those it strikes.
   It occasionally inflicts asphyxiating poison on those it strikes, dealing
   poison damage and causing slowness.
   rPois:     It protects you from poison.
Missiles
 c - 14 stones
Armour
 e - a +0 pair of boots (worn)
 x - a +0 kite shield
 I - a +0 helmet (worn)
 K - +0 acid dragon scales (worn)
 N - a +2 pair of gloves (worn)
Jewellery
 d - a ring of willpower (right hand)
 s - a +4 ring of evasion (left hand)
 O - an amulet of reflection (around neck)
Wands
 y - a wand of iceblast (13)
 A - a wand of acid (12)
 B - a wand of flame (80)
 H - a wand of paralysis (11)
Scrolls
 b - 5 scrolls of teleportation
 g - 2 scrolls of holy word {unknown}
 h - 2 scrolls of vulnerability {unknown}
 j - 2 scrolls of fear {unknown}
 l - 2 scrolls of fog {unknown}
 n - 3 scrolls of acquirement {unknown}
 o - 5 scrolls of amnesia
 r - a scroll of blinking {unknown}
 u - 5 scrolls of magic mapping
 z - 4 scrolls of torment {unknown}
 D - a scroll of silence {unknown}
 E - 4 scrolls of summoning {unknown}
 F - 2 scrolls of immolation {unknown}
 L - 2 scrolls of enchant armour {unknown}
Potions
 a - 2 potions of flight
 i - 6 potions of brilliance
 m - 9 potions of curing
 p - 2 potions of haste {unknown}
 q - a potion of might {unknown}
 t - a potion of berserk rage {unknown}
 C - a potion of lignification
 J - a potion of cancellation {unknown}
 P - a potion of heal wounds


   Skills:
 * Level 7.1 Fighting
 * Level 5.4 Maces & Flails
 + Level 6.0 Armour
 * Level 5.2 Dodging
 + Level 2.9 Stealth
 + Level 6.2 Shields
 + Level 11.1 Spellcasting
 * Level 7.0 Conjurations
 + Level 2.0 Hexes
 + Level 0.7 Transmutations
 * Level 14.2 Earth Magic
 * Level 5.1 Evocations


You had 23 spell levels left.
You knew the following spells:

 Your Spells              Type           Power      Damage    Failure   Level
a - Sandblast             Erth           100%       2d20      1%          1
b - Stone Arrow           Conj/Erth      100%       3d13      1%          3
c - Corona                Hex            20%        N/A       3%          1
d - Iron Shot             Conj/Erth      25%        9d5       4%          6

Your spell library contained the following spells:

 Spells                   Type           Power      Damage    Failure   Level
 Passwall                 Tmut/Erth      31%        N/A       1%          2
 Petrify                  Tmut/Erth      38%        N/A       4%          4
 Animate Skeleton         Necr           20%        N/A       9%          1
 Apportation              Tloc           20%        N/A       9%          1
 Pain                     Necr           40%        1d6       9%          1
 Summon Small Mammal      Summ           40%        N/A       9%          1
 Ensorcelled Hibernation  Hex/Ice        28%        N/A       9%          2
 Wereblood                Tmut           13%        N/A       10%         2
 Tukima's Dance           Hex            18%        N/A       12%         3
 Corpse Rot               Necr/Air       N/A        N/A       14%         2
 Ozocubu's Armour         Ice            10%        N/A       26%         3
 Vampiric Draining        Necr           5%         2d6       26%         3
 Dispel Undead            Necr           10%        3d9       65%         4
 Metabolic Englaciation   Hex/Ice        7%         N/A       86%         5
 Death Channel            Necr           5%         N/A       100%        6
 Simulacrum               Ice/Necr       5%         N/A       100%        6
 Malign Gateway           Summ/Tloc      5%         N/A       100%        7
 Summon Hydra             Summ           5%         N/A       100%        7
 Summon Horrible Things   Summ           5%         N/A       100%        8
 Sublimation of Blood     Necr           Unusable   N/A       N/A         2

Dungeon Overview and Level Annotations

Branches:
Dungeon (12/15)            Temple (1/1) D:5            Lair (5/6) D:11
 Shoals (0/4) Lair:3       Spider (0/4) Lair:3          Orc (0/2) D:11
  Slime: Lair:5-6

Altars:
Ashenzari
Cheibriados
Dithmenos
Elyvilon
Fedhas
Gozag
Hepliaklqana
Kikubaaqudgha
Makhleb
Nemelex Xobeh
Okawaru
Qazlal
Ru
Sif Muna
Trog
Uskayaw
Vehumet
Wu Jian
Xom
Yredelemnul
Zin
The Shining One
Beogh

Shops:
D:1 (   D:9 *

Annotations:
Lair:1 1 runed translucent door, erik8world's ghost, journeyman TrCK


Innate Abilities, Weirdness & Mutations

You are immune to sickness and miasma.
Your stone body is resilient. (AC +9)
You are immune to poison.
You resist negative energy. (rN+)
You are resistant to electric shocks. (rElec)
You are resistant to unholy torment.
You are immune to petrification.


Message History

The eight-headed hydra bites you. The cane toad stings you!
The rime drake breathes ice at you. The flash freeze hits you!!
* * * LOW HITPOINT WARNING * * *
You are encased in ice.
The rime drake bites you but does no damage.
The yak gores the fungus!
The fungus begins to die.
The komodo dragon misses you.
The cane toad stings the fungus!
The fungus looks as sick as possible!
The cane toad poisons the fungus!
The rime drake misses you.
The rime drake bites you but does no damage.
The cane toad stings the fungus!!
The yak closely misses you.
The yak gores the fungus.
The rime drake closely misses you. The komodo dragon bites you!
* * * LOW HITPOINT WARNING * * *
The eight-headed hydra bites you.
* * * LOW HITPOINT WARNING * * *
You block the eight-headed hydra's attack.
The eight-headed hydra bites you.
* * * LOW HITPOINT WARNING * * *
The eight-headed hydra bites you but does no damage.
The eight-headed hydra completely misses you.
The eight-headed hydra bites you but does no damage.
The eight-headed hydra misses you.
The eight-headed hydra bites you but does no damage.
A death yak comes into view.
The yak gores the fungus!
The cane toad stings the fungus!!
The fungus looks as sick as possible!
The cane toad poisons the fungus!
The death yak bellows!
There is a stone staircase leading up here.
You feel much better. The ice encasing you melts away.
You hear a loud, deep croak!
The rime drake closely misses you.
The yak gores the fungus!
The komodo dragon misses you.
The yak snorts and paws the ground.
The yak gores the fungus!
The cane toad stings the fungus!!
The rime drake breathes ice at you. The flash freeze hits you!!
You die...

P.. ..# #.. P.
..# ....... ..#
....... ..#
#.......#..
......#.#..##
......P.#Y..#
.......Y.@..#
.......YklDl# ♣≈≈
.......YPYY.#P.l.
.......wYF.......
.P.......Y..##...
.P.#.PY#..P## ..
. ###..#.YP# . .
##..Y#...#
.P###....Y..##.


You could see 3 death yaks, an eight-headed hydra, a torpor snail, a komodo
dragon, 8 yaks, a cane toad, a rime drake (catching breath) and an iguana.

Vanquished Creatures
  Gastronok (Lair:2)
  4 hydras
  Harold (D:8)
  2 centaur warriors
  2 two-headed ogres
  Sonja (D:11)
  A lindwurm (Lair:3)
  A deep elf pyromancer (D:11)
  3 cyclopes
  A black mamba (Lair:5)
  9 cane toads
  2 gargoyles
  A torpor snail (Lair:2)
  An unseen horror (D:11)
  Psyche (D:11)
  2 komodo dragons
  2 rime drakes
  2 trolls (D:11)
  4 hornets
  A polar bear (Lair:5)
  Sigmund (D:2)
  33 yaks
  3 wraiths
  3 wyverns
  4 basilisks
  3 steam dragons
  7 vampire mosquitoes
  3 acid dragons
  18 water moccasins
  4 orc warriors
  8 black bears
  A hornet zombie (D:8)
  3 ogres
  2 sky beasts
  2 necrophages
  7 centaurs
  2 phantoms
  3 kobold brigands
  13 bullfrogs
  A gnoll sergeant (D:4)
  7 scorpions
  A water moccasin skeleton (D:4)
  24 killer bees
  An electric eel (Lair:4)
  2 howler monkeys (D:7)
  2 lava snakes (D:10)
  4 centaur zombies
  2 jellies (D:8)
  2 hounds
  7 orc priests
  2 gnoll shamans
  2 centaur skeletons (D:7)
  5 hell rats (Lair:2)
  5 iguanas
  3 orc wizards
  2 killer bee zombies
  Robin (D:3)
  14 gnolls
  14 adders
  A white imp (D:6)
  An ufetubus (D:3)
  A worm (Lair:3)
  A dart slug (D:3)
  17 orcs
  7 ball pythons
  4 bats
  7 endoplasms
  8 giant cockroaches
  8 goblins
  9 hobgoblins
  5 jackals (D:4)
  3 quokkas
  3 frilled lizards
  17 kobolds
  6 rats
361 creatures vanquished.

Vanquished Creatures (others)
  55 fungi
  115 plants
170 creatures vanquished.

Grand Total: 531 creatures vanquished

Notes
Turn   | Place    | Note
-------+----------+-------------------------------------------
     0 | D:1      | lordive the Gargoyle Earth Elementalist began the quest for
                  | the Orb.
     0 | D:1      | Reached XP level 1. HP: 10/10 MP: 3/3
   371 | D:1      | Reached XP level 2. HP: 15/15 MP: 3/5
   405 | D:1      | Reached skill level 4 in Earth Magic
   474 | D:1      | Found a faded altar of an unknown god.
   524 | D:1      | Found Doamaet's Weapon Shop.
  1263 | D:2      | Reached XP level 3. HP: 19/19 MP: 0/6
  1321 | D:2      | Learned a level 3 spell: Stone Arrow
  1670 | D:2      | Reached skill level 1 in Conjurations
  1670 | D:2      | Reached XP level 4. HP: 20/24 MP: 2/8
  1834 | D:2      | Noticed Sigmund
  2093 | D:2      | Killed Sigmund
  2094 | D:2      | Reached skill level 5 in Earth Magic
  2094 | D:2      | Reached XP level 5. HP: 21/28 MP: 3/10
  2180 | D:2      | Reached XP level 6. HP: 33/33 MP: 8/11
  2563 | D:3      | Noticed a black bear
  2571 | D:3      | Killed a black bear
  2572 | D:3      | Reached skill level 6 in Earth Magic
  2656 | D:3      | Noticed Robin
  2657 | D:3      | Killed Robin
  3508 | D:4      | Noticed a necrophage
  3513 | D:4      | Killed a necrophage
  3514 | D:4      | Reached XP level 7. HP: 37/37 MP: 9/14
  3561 | D:4      | Reached skill level 5 in Spellcasting
  3564 | D:4      | Reached skill level 7 in Earth Magic
  3847 | D:4      | Found a bloodstained altar of Trog.
  4168 | D:4      | Reached skill level 8 in Earth Magic
  4168 | D:4      | Reached XP level 8. HP: 42/42 MP: 12/16
  4502 | D:5      | Entered Level 5 of the Dungeon
  4540 | D:5      | Found an opulent altar of Gozag.
  4636 | D:5      | Found a burning altar of Makhleb.
  4694 | D:5      | Found a broken altar of Ashenzari.
  4715 | D:5      | Found a staircase to the Ecumenical Temple.
  4737 | Temple   | Entered the Ecumenical Temple
  4783 | Temple   | Became a worshipper of Vehumet
  5651 | D:6      | Reached skill level 1 in Fighting
  5943 | D:6      | Reached skill level 1 in Evocations
  5998 | D:6      | Reached skill level 1 in Maces & Flails
  5998 | D:6      | Reached skill level 1 in Armour
  6242 | D:6      | Reached skill level 9 in Earth Magic
  6276 | D:6      | Reached XP level 9. HP: 46/48 MP: 13/18
  6277 | D:6      | Reached skill level 1 in Shields
  6601 | D:7      | Reached * piety under Vehumet
  6601 | D:7      | Offered knowledge of Freeze by Vehumet.
  7118 | D:7      | Found an ornate altar of the Wu Jian Council.
  7696 | D:7      | Reached skill level 10 in Earth Magic
  7867 | D:7      | Found a stormy altar of Qazlal.
  8330 | D:8      | Found a shadowy altar of Dithmenos.
  8415 | D:8      | Noticed Harold
  8433 | D:8      | Killed Harold
  8434 | D:8      | Reached XP level 10. HP: 12/55 MP: 6/21
  8685 | D:8      | Found a blossoming altar of Fedhas.
  8732 | D:8      | Found a glowing silver altar of Zin.
  9397 | D:9      | Offered knowledge of Searing Ray by Vehumet.
  9482 | D:9      | Reached ** piety under Vehumet
  9691 | D:9      | Reached skill level 11 in Earth Magic
  9824 | D:9      | Found a hide-covered altar of Uskayaw.
  9897 | D:9      | Found Remakhopal's General Store.
  9898 | D:9      | Found Liotim's Specific Store.
  9908 | D:9      | Bought a scroll of amnesia for 52 gold pieces
  9956 | D:9      | Noticed a gargoyle
  9962 | D:9      | Killed a gargoyle
  9999 | D:9      | Noticed a five-headed hydra
 10004 | D:9      | HP: 1/56 [five-headed hydra (13)]
 10005 | D:9      | Killed a five-headed hydra
 10006 | D:9      | Reached XP level 11. HP: 2/60 MP: 10/23
 10478 | D:9      | Noticed a two-headed ogre
 10487 | D:9      | Killed a two-headed ogre
 10488 | D:9      | Reached skill level 5 in Conjurations
 10733 | D:9      | Noticed a cyclops
 10734 | D:9      | Noticed a centaur warrior
 10747 | D:9      | Killed a cyclops
 10788 | D:9      | Killed a centaur warrior
 10789 | D:9      | Reached skill level 12 in Earth Magic
 11108 | D:9      | Found a basalt altar of Yredelemnul.
 11111 | D:9      | Noticed a profane servitor
 11150 | D:9      | Found a glowing golden altar of the Shining One.
 11152 | D:9      | Noticed an angel
 11199 | D:10     | Entered Level 10 of the Dungeon
 11201 | D:10     | Offered knowledge of Dazzling Flash by Vehumet.
 11294 | D:10     | Noticed a two-headed ogre
 11298 | D:10     | Killed a two-headed ogre
 11529 | D:10     | Reached *** piety under Vehumet
 11730 | D:10     | You fall into a shaft and drop 2 floors!
 11743 | D:12     | Learned a level 1 spell: Corona
 11873 | D:12     | Noticed a centaur warrior
 11885 | D:12     | HP: 3/62 [centaur warrior/arrow (10)]
 11895 | D:12     | Killed a centaur warrior
 12150 | D:12     | Noticed a cyclops
 12161 | D:12     | Killed a cyclops
 12162 | D:12     | Reached XP level 12. HP: 68/68 MP: 20/25
 12334 | D:12     | Noticed a boulder beetle
 12373 | D:11     | Offered knowledge of Airstrike by Vehumet.
 12384 | D:11     | Reached skill level 5 in Fighting
 12462 | D:11     | Noticed Psyche
 12467 | D:11     | Killed Psyche
 12468 | D:11     | Reached skill level 1 in Hexes
 12745 | D:11     | Reached skill level 5 in Shields
 12773 | D:11     | Found a staircase to the Lair.
 12803 | D:11     | Found a staircase to the Orcish Mines.
 12819 | D:11     | Reached **** piety under Vehumet
 12945 | D:11     | Reached skill level 10 in Spellcasting
 13116 | D:11     | Noticed Sonja
 13121 | D:11     | Killed Sonja
 13121 | D:11     | Offered knowledge of Olgreb's Toxic Radiance by Vehumet.
 13293 | D:11     | Reached skill level 13 in Earth Magic
 13614 | Lair:1   | Entered Level 1 of the Lair of Beasts
 13738 | Lair:1   | Found a runed translucent door.
 13739 | Lair:1   | Identified the +4 spear of the Shark {vorpal, Will- rCorr
                  | MP+9 Int+5}
 13741 | Lair:1   | Noticed erik8world's ghost (journeyman TrCK)
 13796 | Lair:1   | Noticed a four-headed hydra
 13802 | Lair:1   | Killed a four-headed hydra
 14195 | Lair:2   | Noticed Gastronok
 14202 | Lair:2   | Killed Gastronok
 14203 | Lair:2   | Reached skill level 5 in Armour
 14839 | Lair:2   | Reached XP level 13. HP: 74/74 MP: 17/27
 15043 | Lair:2   | Reached skill level 5 in Maces & Flails
 16030 | Lair:3   | Found a staircase to the Shoals.
 16531 | Lair:3   | Reached skill level 14 in Earth Magic
 16963 | Lair:3   | Found a hole to the Spider Nest.
 16970 | Lair:3   | Reached ***** piety under Vehumet
 16974 | Lair:3   | Reached skill level 5 in Evocations
 17488 | Lair:4   | Reached skill level 5 in Dodging
 17490 | Lair:4   | Offered knowledge of Iron Shot by Vehumet.
 17498 | Lair:4   | Learned a level 6 spell: Iron Shot
 18864 | Lair:4   | Found the +8 whip "Snakebite" {venom, curare, rPois}
 19481 | Lair:5   | You fall into a shaft and drop 1 floor!
 19481 | Lair:6   | Entered Level 6 of the Lair of Beasts
 19497 | Lair:6   | HP: 1/76 [eight-headed hydra (6)]
 19498 | Lair:6   | Killed from afar by a rime drake

Illustrated notes

Levels and vault maps discovered:
D:1:      dpeg_arrival_circle_labyrinth_c, layout_basic, serial_shops,
          shop_fountains, shapermc_ecumenical_altar_gd, minmay_unequal
D:2:      layout_loops_ring, serial_park_tiny_1, corexii_shack, uniq_sigmund
D:3:      layout_loops_corners, uniq_robin
D:4:      layout_basic, trog_three_pillars_becter, minmay_diced_spiral
D:5:      layout_basic, general_overflow_altar, bloody_makhleb,
          lemuel_tele_altar, minmay_temple_entry_offerings
D:6:      layout_basic
D:7:      layout_cave_pods, kennysheep_mini, lemuel_coloured_pillars_altar,
          minmay_misc_feat_columns, minmay_fractal_squares_diagonal_5
D:8:      layout_basic, zin_statuary, mainiacjoe_overflow_boulevard,
          fedhas_ov_isle_minmay, grunt_ministairs_6, kennysheep_donut,
          st_stairs_5, uniq_harold
D:9:      layout_roguey, mainiacjoe_overflow_brackets,
          grunt_temple_overflow_holy_war, nicolae_specific_store,
          hangedman_decor_peaks_small, minmay_shattered_shrine
D:10:     layout_irregular_city, kennysheep_diamond, lightli_orcish_oven
D:11:     layout_roguey, due_lair_maze_entry_diamond,
          minmay_orc_entry_temple_small, uniq_sonja, uniq_psyche
D:12:     layout_basic
Temple:   jpeg_temple_alley_garden
Lair:1:   layout_hall_layers, ebering_ghost_funeral_grove, beast_lair_carwin_3,
          grunt_megastairs_1
Lair:2:   layout_cave_pods, uniq_gastronok
Lair:3:   cheibrodos_lair_overgrown_chateau, layout_hall_layers,
          shoals_dummy_entry, nicolae_spider_entry_non_spiders,
          chequers_serial_rivers_micro_a
Lair:4:   minmay_guarded_unrand_snakebite, layout_cave_pods, serial_bayou,
          serial_bayou_pond_a, serial_bayou_pond_d, serial_bayou_pond_e,
          serial_bayou_shore_b, grunt_megastairs_2, infiniplex_staircase_pool
Lair:5:   layout_small_grid, slime_altar_1, cheibrodos_lair_lostbears,
          lemuel_fruit_fields
Lair:6:   wormcave, layout_loops_ring, guppyfry_lair_end_dragon

Skill      XL: |  1  2  3  4  5  6  7  8  9 10 11 12 13 |
---------------+----------------------------------------+-----
Earth Magic    | 4 5 6 8 9 10 11 12 13 14 | 14.2
Conjurations   | 1 2 3 4 5 6 7 |  7.0
Spellcasting   | 3 4 5 6 7 8 9 10 11 | 11.1
Fighting       | 1 2 3 4 6 7 |  7.1
Dodging        | 2 3 4 5 |  5.2
Evocations     | 1 2 3 4 5 |  5.1
Maces & Flails | 1 2 3 4 5 |  5.4
Armour         | 1 2 3 4 5 6 |  6.0
Shields        | 2 3 4 5 6 |  6.2
Hexes          | 2 |  2.0
Stealth        | |  2.9
Transmutations | |  0.7

Action                   |  1- 3 |  4- 6 |  7- 9 | 10-12 | 13-15 || total
-------------------------+-------+-------+-------+-------+-------++-------
Melee: Whip              |     3 |       |       |       |       ||     3
       Flail             |       |       |     2 |     4 |       ||     6
       Demon whip        |       |       |       |       |     2 ||     2
 Cast: Sandblast         |    45 |    57 |   131 |   243 |    84 ||   560
       Stone Arrow       |       |       |    28 |   126 |   109 ||   263
       Corona            |       |       |       |     1 |       ||     1
  Use: Scroll            |       |     3 |     3 |     3 |    10 ||    19
       Potion            |       |       |       |     5 |     1 ||     6
Armor: Robe              |     7 |     2 |    27 |     2 |       ||    38
       Leather armour    |       |       |       |     9 |       ||     9
       Acid dragon scale |       |       |       |   116 |    47 ||   163
Dodge: Dodged            |    10 |    11 |    55 |   236 |    65 ||   377
Block: Other             |       |       |       |       |    16 ||    16
